 Dungeon Sprint DCSS version 0.27-a0-1137-g3ef0f4ec91 (webtiles) character file.

Game seed: 15768195219110825759

610 Zeld the Placeless Octopus (level 7, -2/49 HPs)
             Began as an Octopode Conjurer on May 6, 2021.
             Was a Follower of Sif Muna.
             Succumbed to Sonja's poison
             ... in the Dungeon (Sprint I: "Red Sonja").
             The game lasted 00:02:12 (1461 turns).

Zeld the Placeless Octopus (Octopode Conjurer)      Turns: 1461, Time: 00:02:14

Health: -2/49      AC:  1    Str:  6    XL:     7   Next: 43%
Magic:  1/14       EV: 14    Int: 23    God:    Sif Muna [*.....]
Gold:   160        SH:  0    Dex: 10    Spells: 4/15 levels left

rFire    . . .     SeeInvis .   (no weapon)
rCold    . . .     Faith    .   (no shield)
rNeg     . . .     Spirit   .   (helmet restricted)
rPois    .         Reflect  .   (no amulet)
rElec    .         Harm     .   (no ring)
rCorr    .         Rampage  .   (no ring)
Will     .....     NoTele   +   (no ring)
Stlth    +++.......             (no ring)
HPRegen  0.16/turn              (no ring)
MPRegen  0.14/turn              (no ring)
                                (no ring)
                                (no ring)

@: lethally poisoned (-2 -> -28), slowed, very slow
A: almost no armour, amphibious, 8 rings, camouflage 1, gelatinous body 1,
(nimble swimmer 1), tentacles
a: Renounce Religion, Channel Magic


You were in the Dungeon.
You worshipped Sif Muna.
Sif Muna was aware of your devotion.
You visited 1 branch You collected 405 gold pieces.
You spent 245 gold pieces at shops.

Inventory:

Scrolls
 a - 5 scrolls of identify
 g - 2 scrolls of blinking
Potions
 b - a potion of curing
 d - a potion of haste
 e - 2 potions of magic


   Skills:
 + Level 4.5 Fighting
 + Level 5.1 Dodging
 - Level 2.6 Stealth
 + Level 4.7 Spellcasting
 * Level 7.9 Conjurations
 - Level 8.0 Hexes
 - Level 8.0 Translocations


You had 4 spell levels left.
You knew the following spells:

 Your Spells              Type           Power      Damage    Failure   Level
a - Magic Dart            Conj           100%       1d8       1%          1
b - Searing Ray           Conj           84%        3d6       1%          2
c - Fulminant Prism       Conj/Hex       21%        3d13      3%          4
d - Iskenderun's Mystic   Conj/Tloc      42%        2d10      3%          4

Your spell library contained the following spells:

 Spells                   Type           Power      Damage    Failure   Level
 Dazzling Flash           Conj/Hex       84%        N/A       1%          3


Dungeon Overview and Level Annotations

Branches:
Dungeon (1/1)

Altars:
Cheibriados
Dithmenos
Elyvilon
Fedhas
Gozag
Hepliaklqana
Kikubaaqudgha
Makhleb
Nemelex Xobeh
Okawaru
Qazlal
Ru
Sif Muna
Trog
Uskayaw
Vehumet
Wu Jian
Xom
Yredelemnul
Zin
The Shining One
Jiyva
Lugonu

Shops:
D *


Innate Abilities, Weirdness & Mutations

You cannot wear most types of armour.
You are amphibious.
You can wear up to eight rings at the same time.
Your skin changes colour to match your surroundings (Stealth+).
Your rubbery body absorbs attacks. (AC +1, EV +1)
((You are camouflaged near water. (Stealth+)))
You have tentacles for arms and can constrict up to eight enemies at once.


Message History

You can't see any susceptible monsters within range! (Use Z to cast anyway.)
Okay, then.
Drop what? 6/52 slots (_ for help) (? for menu, Esc to quit)
Okay, then.
Unknown command.
Casting: Iskenderun's Mystic Blast (dangerous; 3% risk of failure)
Confirm with . or Enter, or press ? or * to list all spells.
Aiming: Searing Ray (safe; 1% risk of failure)
Press: ? - help, Shift-Dir - straight line, f/p - Sonja
Aim: Sonja, wielding a +1 dagger of venom and quivering curare-tipped darts (heavily wounded, 50% to hit)
The searing ray misses Sonja. (Press . to maintain the ray.)
You feel extremely sick.
Sonja throws a curare-tipped dart.
The curare-tipped dart misses you.
Sonja throws a curare-tipped dart.
The curare-tipped dart hits you.
You are lethally poisoned!
You have difficulty breathing.
You feel as though you will be slow longer.
The searing ray hits Sonja.
Sonja is severely wounded.
* * * LOW HITPOINT WARNING * * *
You feel extremely sick.
Sonja throws a curare-tipped dart.
The curare-tipped dart closely misses you.
Unknown command.
You feel much better.
You feel extremely sick.
Sonja hits you with a +1 dagger of venom!
* * * LOW HITPOINT WARNING * * *
Sonja barely misses you.
Sonja hits you with a +1 dagger of venom.
* * * LOW HITPOINT WARNING * * *
You are more poisoned.
Casting: Searing Ray (safe; 1% risk of failure)
Confirm with . or Enter, or press ? or * to list all spells.
You erupt in a blast of force!
The mystic blast hits Sonja!
You kill Sonja!
Sif Muna accepts your kill.
You can now call upon Sif Muna for magical energy.
You die...

######################
#<.#.)'..#..'..#__#..+
#..)..#..)..#..'..'..#
#..#####'#####'#__####
#..####..#...#[####
#..#__####..##(#
#..#_____##'#_.+
#⌠⌠#_.∩...'..._#
####_..__##_@#'#
#_____###)#)# #######
#.### $.$ $.$ ##.##
#+#


There were no monsters in sight!

Vanquished Creatures
  Sonja (D)
  A slime creature (D)
  A yak (D)
  Sigmund (D)
  An ogre (D)
  A jelly (D)
  Ijyb (D)
7 creatures vanquished.

Vanquished Creatures (others)
  A gargoyle (D)
1 creature vanquished.

Grand Total: 8 creatures vanquished

Notes
Turn   | Place    | Note
-------+----------+-------------------------------------------
     0 | D        | Zeld the Octopode Conjurer began the quest for the Orb.
     0 | D        | Reached XP level 1. HP: 11/11 MP: 3/3
     5 | D        | Noticed Ijyb
    12 | D        | Killed Ijyb
    13 | D        | Reached skill level 5 in Conjurations
    13 | D        | Reached XP level 2. HP: 14/19 MP: 1/6
   151 | D        | Learned a level 2 spell: Searing Ray
   276 | D        | Noticed an ogre
   280 | D        | Killed an ogre
   281 | D        | Reached XP level 3. HP: 27/27 MP: 2/8
   281 | D        | Reached XP level 4. HP: 33/33 MP: 2/10
   286 | D        | Learned a level 4 spell: Fulminant Prism
   291 | D        | Learned a level 4 spell: Iskenderun's Mystic Blast
   419 | D        | Noticed Sigmund
   424 | D        | Killed Sigmund
   425 | D        | Reached skill level 5 in Hexes
   425 | D        | Reached skill level 5 in Translocations
   425 | D        | Reached XP level 5. HP: 20/37 MP: 5/11
   425 | D        | Reached XP level 6. HP: 23/43 MP: 5/12
   628 | D        | Found an ornate altar of the Wu Jian Council.
   628 | D        | Found a shimmering blue altar of Sif Muna.
   630 | D        | Found a radiant altar of Vehumet.
   635 | D        | Became a worshipper of Sif Muna the Loreminder
   744 | D        | Killed a gargoyle
   760 | D        | Found Deishraq's General Store.
   760 | D        | Found an ancient bone altar of Kikubaaqudgha.
   760 | D        | Found a hazy altar of Hepliaklqana.
   760 | D        | Found a hide-covered altar of Uskayaw.
   760 | D        | Found a basalt altar of Yredelemnul.
   760 | D        | Found an opulent altar of Gozag.
   760 | D        | Found a snail-covered altar of Cheibriados.
   760 | D        | Found a sacrificial altar of Ru.
   760 | D        | Found a shadowy altar of Dithmenos.
   760 | D        | Noticed a yak
   761 | D        | Found a stormy altar of Qazlal.
   761 | D        | Found a blossoming altar of Fedhas.
   761 | D        | Found a bloodstained altar of Trog.
   761 | D        | Found an iron altar of Okawaru.
   761 | D        | Found a glowing silver altar of Zin.
   769 | D        | Killed a yak
   814 | D        | Found a glowing golden altar of the Shining One.
   814 | D        | Found a white marble altar of Elyvilon.
   840 | D        | Found a sparkling altar of Nemelex Xobeh.
   868 | D        | Bought a scroll of blinking for 105 gold pieces
   868 | D        | Bought a scroll of identify for 28 gold pieces
   868 | D        | Bought a scroll of identify for 28 gold pieces
   868 | D        | Bought a scroll of identify for 28 gold pieces
   868 | D        | Bought a scroll of identify for 28 gold pieces
   868 | D        | Bought a scroll of identify for 28 gold pieces
   965 | D        | Found a burning altar of Makhleb.
   965 | D        | Found a viscous altar of Jiyva.
   965 | D        | Found a shimmering altar of Xom.
   965 | D        | Found a corrupted altar of Lugonu.
   965 | D        | Noticed a slime creature
  1354 | D        | Killed a slime creature
  1355 | D        | Reached skill level 5 in Dodging
  1355 | D        | Reached XP level 7. HP: 42/49 MP: 0/14
  1454 | D        | Noticed Sonja
  1461 | D        | Killed Sonja
  1461 | D        | Reached * piety under Sif Muna
  1461 | D        | Succumbed to Sonja's poison

Illustrated notes

Levels and vault maps discovered:
D:        dungeon_sprint_1 [red_sonja_temple_1, red_sonja_temple_small_1]

Skill      XL: |  1  2  3  4  5  6 |
---------------+-------------------+-----
Fighting       | 2 3 4 |  4.5
Dodging        | 3 4 5 |  5.1
Spellcasting   | 3 4 |  4.7
Conjurations   | 5 7 |  7.9
Hexes          | 5 8 |  8.0
Translocations | 5 8 |  8.0
Stealth        | |  2.6

Action                   |  1- 3 |  4- 6 |  7- 9 || total
-------------------------+-------+-------+-------++-------
Melee: Unarmed           |     4 |       |       ||     4
 Cast: Magic Dart        |     2 |       |       ||     2
       Searing Ray       |     1 |     9 |     2 ||    12
       Iskenderun's Myst |       |     4 |     2 ||     6
  Use: Potion            |     1 |       |     1 ||     2
Dodge: Dodged            |     2 |     8 |     4 ||    14

Table legend: (Time is in decaauts)
 A = Elapsed time spent in this place.
 B = Non-inter-level travel time spent in this place.
 C = Inter-level travel time spent in this place.
 D = Time resting spent in this place.
 E = Time spent auto-exploring this place.
 F = Levels seen in this place.
 G = Mean time per level.
                   A        B        C        D        E       F      G
               +--------+--------+--------+--------+--------+-----+--------+
         Total |   1475 |   1475 |      0 |   1268 |      0 |   1 | 1475.0 |
       Dungeon |   1475 |   1475 |      0 |   1268 |      0 |   1 | 1475.0 |
               +--------+--------+--------+--------+--------+-----+--------+

Top non-repeatable levels by time:
       D: 1475 daAuts
